 Dungeon Crawl Stone Soup version 0.29-a0-1016-g236c7fd91e (webtiles) character file.

Game seed: 14311566676493321684

47 drpainis the Sneak (level 3, -4/16 HPs)
             Began as a Spriggan Enchanter on Aug 9, 2022.
             Slain by Robin
             ... wielding a +0 spear
              (5 damage)
             ... on level 2 of the Dungeon.
             The game lasted 00:02:01 (1774 turns).

drpainis the Sneak (Spriggan Enchanter)             Turns: 1774, Time: 00:02:02

Health: -4/16      AC:  2    Str:  4    XL:     3   Next: 48%
Magic:  6/8        EV: 18    Int: 16    God:
Gold:   59         SH:  0    Dex: 17    Spells: 2/7 levels left

rFire   . . .      SeeInvis +   i - +1 dagger (venom)
rCold   . . .      Faith    .   (no shield)
rNeg    . . .      Spirit   .   b - +0 robe
rPois   .          Reflect  .   (helmet restricted)
rElec   .          Harm     .   (no cloak)
rCorr   .          Rampage  .   (gloves unavailable)
Will    .....                   (boots unavailable)
Stlth   +++.......              (no amulet)
HPRegen 0.05/turn               (no ring)
MPRegen 0.11/turn               (no ring)

@: very quick
A: very small, no large weapons, unfitting armour, see invisible, speed 3
a: no special abilities


You were on level 2 of the Dungeon.
You visited 1 branch of the dungeon, and saw 2 of its levels.

You collected 59 gold pieces.

Inventory:

Hand Weapons
 a - a +1 dagger
 i - a +1 dagger of venom (weapon)
Armour
 b - a +0 robe (worn)
Scrolls
 d - 2 scrolls of identify {unknown}
 e - 2 scrolls of teleportation {unknown}
 f - a scroll of poison {unknown}
 g - a scroll of fog {unknown}
 k - a scroll of enchant armour {unknown}
 l - 2 scrolls of vulnerability {unknown}
Potions
 c - a potion of invisibility
 h - a potion of lignification {unknown}
 j - a potion of attraction {unknown}
 m - a potion of curing {unknown}
 n - a potion of might {unknown}


   Skills:
 + Level 1.4 Short Blades
 + Level 3.0 Dodging
 + Level 5.6 Stealth
 + Level 2.9 Spellcasting
 + Level 4.3 Hexes


You had 2 spell levels left.
You knew the following spells:

 Your Spells              Type           Power      Damage    Failure   Level
a - Ensorcelled Hibernat  Hex/Ice        18%        N/A       12%         2
b - Confusing Touch       Hex            16%        N/A       10%         3

Your spell library contained the following spells:

 Spells                   Type           Power      Damage    Failure   Level
 Tukima's Dance           Hex            16%        N/A       10%         3
 Dazzling Flash           Conj/Hex       18%        N/A       24%         3


Dungeon Overview and Level Annotations

Branches:
Dungeon (2/15)

Altars:

Annotations:
D:2 Robin


Innate Abilities, Weirdness & Mutations

You are very small and have problems with some larger weapons.
You are too small for most types of armour.
You have supernaturally acute eyesight. (SInv)
You cover ground extremely quickly. (Speed+++)


Message History

You kill the goblin!
Robin says, "Kneel, worm!"
The hobgoblin no longer looks unusually strong.
You see here a +0 club.
You barely miss the goblin.
The endoplasm jiggles.
The goblin hits you with a +0 club.
* * * LOW HITPOINT WARNING * * *
You catch the helpless goblin completely off-guard!
You impale the goblin!!
You kill the goblin!
The goblin no longer looks unusually strong.
Robin roars a battlecry!
The goblins go into a battle-frenzy!
The jackal closely misses you.
The goblin no longer looks unusually strong.
You see here a +0 club.
Things that are here:
a +0 dagger; a goblin corpse You start resting.
You flicker for a moment.
You start resting.
You flicker back into view.
You start resting.
Robin is nearby!
Casting: Ensorcelled Hibernation (safe; 12% risk of failure)
Confirm with . or Enter, or press ? or * to list all spells.
Aiming: Ensorcelled Hibernation (safe; 12% risk of failure)
Press: ? - help, Shift-Dir - straight line, f - Robin
Aim: Robin, wielding a +0 spear, wearing a +0 animal skin and wearing a +0 helmet (wandering, hasn't noticed you, chance to affect: 51%) Robin shouts!
Robin looks drowsy...
The hobgoblin shouts!
Robin shouts!
You hit Robin.
Robin is poisoned.
Robin is lightly wounded.
Robin says, "Duck!"
Robin hits you with a +0 spear.
* * * LOW HITPOINT WARNING * * *
Robin hits you from afar with a +0 spear.
You die...

### ### #.#########.#
#))...ggggg.# #)#########.#
#.# #@# ######h###### #.#
g....ggJ....# #.#
g.g.gggg....# #.#
..g..g......# #.#
............# #.# #########
....?......?# #.# #.......#
............####.####.####.#
............'........>#


You could see Robin (very poisoned).

Vanquished Creatures
  3 dart slugs (D:1)
  4 ball pythons (D:1)
  An endoplasm (D:1)
  2 giant cockroaches (D:1)
  9 goblins
  A hobgoblin (D:1)
  4 jackals (D:1)
  3 kobolds
  A quokka (D:1)
  3 bats (D:1)
  A frilled lizard (D:1)
  5 rats
37 creatures vanquished.

Notes
Turn   | Place    | Note
-------+----------+-------------------------------------------
     0 | D:1      | drpainis the Spriggan Enchanter began the quest for the
                  | Orb.
     0 | D:1      | Reached XP level 1. HP: 9/9 MP: 5/5
   315 | D:1      | Reached XP level 2. HP: 6/13 MP: 6/6
   320 | D:1      | Reached skill level 5 in Stealth
   707 | D:1      | Learned a level 2 spell: Ensorcelled Hibernation
  1016 | D:1      | Reached XP level 3. HP: 14/16 MP: 1/8
  1642 | D:2      | Learned a level 3 spell: Confusing Touch
  1689 | D:2      | Noticed Robin
  1774 | D:2      | Slain by Robin

Illustrated notes

Levels and vault maps discovered:
D:1:      evilmike_arrival_fibonacci_small, layout_basic
D:2:      layout_basic, basic_altar, serial_shops, shop_coins,
          nicolae_square_shop, serial_bayou_pond_c, uniq_robin

Skill      XL: |  1  2  3 |
---------------+----------+-----
Hexes          | 4 |  4.3
Stealth        | 5 |  5.6
Dodging        | 3 |  3.0
Short Blades   | |  1.4
Spellcasting   | |  2.9

Action                   || total
-------------------------++-------
Melee: Dagger            ||    97
       Punch             ||     1
 Cast: Ensorcelled Hiber ||     4
  Use: Potion            ||     1
 Stab: Sleeping          ||    10
       Invisible         ||     2
Armor: Robe              ||     7
Dodge: Dodged            ||    79

Table legend: (Time is in decaauts)
 A = Elapsed time spent in this place.
 B = Non-inter-level travel time spent in this place.
 C = Inter-level travel time spent in this place.
 D = Time resting spent in this place.
 E = Time spent auto-exploring this place.
 F = Levels seen in this place.
 G = Mean time per level.
                   A        B        C        D        E       F      G
               +--------+--------+--------+--------+--------+-----+--------+
         Total |   1410 |   1402 |      8 |    531 |    634 |   2 |  705.0 |
       Dungeon |   1410 |   1402 |      8 |    531 |    634 |   2 |  705.0 |
               +--------+--------+--------+--------+--------+-----+--------+

Top non-repeatable levels by time:
     D:1: 1287 daAuts
     D:2: 122 daAuts
